cohdb
Replays
Latest Replays
All Replays
Popular Replays
Top Player Replays
Match Explorer
How It Works
Community
CoH3 Stats
Reddit
Sign in to upload your games and track your stats! →
Sign in with Steam
Match 39849415
Unlisted
Match 39849415
Overview
Messages
Build Orders
End
Construct Barracks
Construct Barracks
Riflemen Squad
M1 Mortar Team
Riflemen Squad
Riflemen Squad
Construct Medical Station
Mechanized Support Center
Selects Advanced Infantry Battlegroup
Selects Convert to Ranger Squad
Convert to Ranger Squad
Riflemen Squad
Riflemen Squad
Construct Tank Depot
Selects Ammunition Storage
M4A1 Sherman Medium Tank
Grenade Package
M4A1 Sherman Medium Tank
Engineer Squad
Engineer Squad
Selects Designate Assault Position
Selects Infantry Assault
Infantry Assault
M4A1 Sherman Medium Tank
M4A1 76mm Conversion
Riflemen Squad
Riflemen Squad
Selects M2A1 105mm Howitzer Emplacement
Selects 155mm Rapid Artillery Barrage
Infantry Assault
Engineer Squad
Engineer Squad
M4A1(76) Sherman Medium Tank
Designate Assault Position
155mm Rapid Artillery Barrage
Infantry Assault
M4A1(76) Sherman Medium Tank
Infantry Assault
.30 cal Machine Gun
155mm Rapid Artillery Barrage
⁂ ☢ [12thGGR]HL008 ☢ ⁂
KOR-KINOrz
Kys-tier rat
PapIlloN
能不能别急
insane
rebelguy12
XxWhoDatGuyxX
0
0
Comments
sign in to comment!
No comments posted yet!